Map: Imperio eterno EE

Players

MrFercho

  • Race: Zerg Zerg
  • League: Gold
  • Spawn Location: 1:00

apathy - Winner!

  • Race: Zerg Zerg
  • League: Gold
  • Spawn Location: 7:00

VOD

Have the link to the VOD?

Description

Time

  • Played on: Aug. 10, 2020, 8:30 p.m.
  • Length: 11:04
Show
View Real Time Build Order
Export as new Build Order

MrFercho Zerg 

Build Orders: Hatch First 

Get SALT Encoding   

  12  0:01  Drone  
  13  0:23  Overlord  
  13  0:24  Drone  
  14  0:43  Drone x2  
  16  0:54  Hatchery, Drone  
  16  0:58  Drone  
  17  1:07  Drone  
  18  1:13  Extractor  
  17  1:21  Spawning Pool, Drone  
  17  1:29  Drone  
  18  1:38  Drone  
  19  2:11  Overlord  
  19  2:13  Drone x3  
  22  2:19  Drone  
  23  2:23  Queen x2  
  23  2:27  Drone  
  28  2:49  Zergling x8  
  32  2:55  Spore Crawler  
  32  2:56  Spine Crawler  
  31  3:09  Queen  
  30  3:20  Drone  
  30  3:21  Drone x4  
  30  3:24  Overlord  
  35  3:45  Roach Warren  
  35  3:48  Queen, Evolution Chamber  
  34  3:55  Drone x6  
  41  4:03  Lair  
  41  4:19  Drone x2  
  43  4:30  Zerg Missile Weapons Level 1  
  43  4:36  Extractor  
  43  4:37  Extractor  
  41  4:41  Drone x2  
  41  4:43  Overlord x4  
  43  5:04  Queen  
  45  5:30  Glial Reconstitution  
  45  5:33  Drone x4  
  45  5:34  Drone  
  50  5:41  Roach x10  
  70  5:48  Hatchery  
  69  6:01  Queen  
  69  6:03  Queen  
  73  6:25  Evolution Chamber  
  73  6:27  Zerg Missile Weapons Level 2  
  72  6:40  Drone x2  
  72  6:41  Drone x2  
  72  6:45  Overlord  
  72  6:46  Overlord x2  
  76  6:49  Hydralisk Den  
  73  7:11  Zerg Ground Armor Level 1  
  73  7:32  Drone  
  73  7:33  Drone x15  
  89  7:37  Overlord x2  
  89  8:00  Extractor x2, Grooved Spines  
  86  8:08  Roach x12  
  94  8:28  Roach x5  
  88  8:49  Zergling x16  
  82  9:03  Zerg Melee Weapons Level 1  
  82  9:12  Muscular Augments  
  82  9:22  Drone x3  
  85  9:26  Roach  
  85  9:27  Roach x7  
  85  9:28  Queen  
  95  9:38  Extractor  
  92  9:49  Infestation Pit  
  86  9:57  Hydralisk, Roach x2  
  86  9:58  Hydralisk, Roach x3  
  92  10:06  Spine Crawler  
  91  10:08  Spine Crawler  
  91  10:12  Hatchery  
  87  10:14  Roach x8  
  93  10:25  Spine Crawler  
  93  10:26  Spine Crawler  
  73  10:36  Hydralisk x6  
  73  10:37  Hydralisk x3  
Show
View Real Time Build Order
Export as new Build Order

apathy Zerg - Winner!

Build Orders: Hatch First 

Get SALT Encoding   

  12  0:00  Drone  
  13  0:08  Drone  
  14  0:16  Overlord  
  14  0:21  Extractor  
  13  0:23  Drone  
  14  0:28  Extractor  
  14  0:30  Drone  
  16  0:38  Drone  
  17  0:54  Hatchery  
  16  0:59  Drone  
  16  1:02  Drone  
  18  1:12  Extractor  
  18  1:17  Spawning Pool  
  16  1:20  Drone  
  16  1:23  Drone  
  18  1:28  Drone  
  19  1:39  Drone  
  20  1:49  Drone  
  21  2:07  Zergling x2, Queen x2  
  21  2:08  Zergling x2  
  27  2:10  Zergling x2  
  28  2:17  Metabolic Boost  
  28  2:18  Overlord  
  28  2:39  Hatchery  
  28  2:42  Drone  
  28  2:51  Pneumatized Carapace  
  28  2:55  Queen  
  30  3:00  Drone  
  29  3:19  Drone x6  
  34  3:26  Drone x2  
  36  3:28  Overlord  
  36  3:39  Lair  
  36  3:49  Extractor x2  
  36  3:50  Evolution Chamber  
  33  3:56  Drone x5  
  38  4:07  Extractor, Drone x4  
  38  4:09  Drone  
  42  4:18  Roach Warren  
  42  4:21  Zerg Missile Weapons Level 1  
  41  4:32  Spine Crawler  
  41  4:34  Drone x5  
  41  4:35  Drone  
  41  4:38  Drone x3  
  48  4:42  Drone  
  50  4:47  Overlord  
  50  4:59  Glial Reconstitution  
  50  5:02  Overlord x2  
  50  5:03  Overlord  
  54  5:07  Roach x2  
  54  5:12  Queen  
  56  5:26  Drone x9  
  65  5:31  Roach  
  65  5:32  Roach  
  69  5:41  Drone x2  
  71  5:43  Drone x2  
  71  5:45  Drone x4  
  71  5:48  Extractor  
  77  5:50  Drone x2  
  77  5:51  Extractor, Drone  
  76  6:15  Zerg Ground Armor Level 1  
  76  6:16  Roach x4  
  82  6:22  Overlord x3  
  82  6:23  Nydus Network, Overlord  
  81  6:35  Ravager  
  81  6:36  Overlord x2  
  81  6:37  Overlord x2  
  82  6:40  Hatchery  
  81  6:51  Drone x3  
  81  6:52  Drone x10  
  92  7:20  Roach x15  
  122  7:25  Zergling x2  
  119  7:32  Zergling x2  
  119  7:33  Zergling x4  
  119  7:36  Spine Crawler  
  118  7:44  Zergling x2  
  118  7:45  Zergling x14  
  126  7:52  Drone x2  
  126  7:54  Roach  
  130  8:00  Roach x4  
  138  8:07  Overseer  
  138  8:15  Drone x5  
  138  8:16  Extractor, Drone  
  138  8:17  Extractor, Drone x6  
  148  8:22  Infestation Pit  
  148  8:25  Roach  
  148  8:26  Zerg Missile Weapons Level 2, Roach x2  
  149  8:31  Baneling Nest  
  145  8:34  Evolution Chamber  
  145  8:37  Zergling x2  
  145  8:38  Zergling x18  
  146  8:46  Roach x5  
  148  8:53  Roach  
  148  8:54  Roach  
  146  9:08  Roach x4  
  152  9:12  Overlord x10  
  148  9:32  Roach x9  
  161  9:41  Roach  
  161  9:42  Roach x7  
  169  9:47  Roach x3  
  169  9:52  Zergling x8  
  172  9:56  Roach x5  
  180  10:05  Zergling x10  
  177  10:17  Roach x7  
  183  10:23  Roach x5  
  183  10:28  Overlord x4  
  193  10:31  Roach x2  
  194  10:54  Hatchery  
Tags
 
League
GoldGold
Matchup
ZvZ
Race
Zerg
Replay Pack
MrFercho
Spawn Locations
Cross Positions
Add a new tag
Caveats
  • Supply blocks, unpowered buildings, or Contaminate may cause inaccurate times.
  • Supply counts are checked every 10 seconds.